Map: Jagannatha LE

Players

AlexRamos

  • Race: Terran Terran
  • League: Silver
  • Spawn Location: 7:00

ViBE - Winner!

  • Race: Zerg Zerg
  • League: Silver
  • Spawn Location: 1:00

VOD

Have the link to the VOD?

Description

Time

  • Played on: March 18, 2021, 1:03 a.m.
  • Length: 13:30
Show
View Real Time Build Order
Export as new Build Order

AlexRamos Terran 

Build Orders:  

Get SALT Encoding   

  12  0:02  SCV  
  13  0:28  SCV  
  14  0:37  Supply Depot  
  14  0:40  SCV  
  14  0:41  Supply Depot  
  15  0:58  SCV  
  15  1:01  Barracks  
  16  1:08  Barracks  
  16  1:15  SCV  
  17  1:26  Refinery  
  17  1:27  SCV  
  18  1:39  SCV  
  19  1:51  SCV  
  20  1:58  Command Center  
  20  2:00  Marine  
  21  2:04  Marine  
  22  2:11  Orbital Command  
  22  2:21  Marine x2  
  24  2:37  Refinery  
  24  2:41  Marine x2  
  26  3:00  SCV  
  26  3:05  Factory  
  27  3:10  Marine x2  
  27  3:12  SCV  
  30  3:17  Refinery, Orbital Command  
  30  3:24  SCV  
  31  3:36  SCV  
  31  3:37  Marine x2  
  34  3:52  Bunker  
  34  3:53  Factory Tech Lab  
  34  3:54  Marine  
  34  3:55  Marine  
  36  4:05  SCV x2  
  38  4:13  Siege Tank  
  41  4:17  SCV  
  41  4:18  SCV  
  43  4:26  Bunker  
  43  4:29  Marine x2  
  43  4:30  SCV  
  46  4:35  Engineering Bay  
  46  4:50  Supply Depot  
  46  5:03  Engineering Bay  
  46  5:06  Missile Turret  
  46  5:12  Siege Tank, SCV x2  
  46  5:13  Supply Depot  
  51  5:20  Marine x2  
  53  5:24  SCV  
  53  5:25  Sensor Tower  
  54  5:34  SCV  
  54  5:35  Supply Depot  
  55  5:46  SCV  
  56  5:54  Barracks  
  56  5:59  Refinery, Supply Depot  
  56  6:00  SCV x2  
  58  6:12  SCV  
  59  6:19  Siege Tank  
  59  6:22  Supply Depot  
  62  6:29  Marine x2  
  64  6:36  Command Center  
  64  6:38  Terran Infantry Weapons Level 1  
  64  6:39  Terran Infantry Armor Level 1  
  64  6:46  Barracks Tech Lab  
  64  6:51  Siege Tank  
  67  6:57  Barracks  
  67  7:13  Missile Turret  
  67  7:20  Starport  
  67  7:32  Sensor Tower  
  67  7:34  Missile Turret  
  67  7:44  SCV x2  
  69  7:56  Barracks Reactor  
  69  7:57  Missile Turret  
  69  8:05  Barracks Tech Lab  
  69  8:06  Starport Tech Lab  
  69  8:08  Barracks Reactor  
  69  8:12  Armory  
  69  8:18  Missile Turret  
  69  8:19  Supply Depot  
  69  8:21  Planetary Fortress  
  69  8:24  Marine x2  
  74  8:27  Siege Tank  
  74  8:34  Medivac  
  74  8:38  Sensor Tower  
  76  8:42  Supply Depot  
  76  8:51  Marine x2  
  76  8:52  Marine x4  
  82  8:59  Siege Tank  
  82  9:00  Fusion Core  
  85  9:04  Refinery, Medivac  
  85  9:09  Marine x3  
  89  9:10  Marine, Supply Depot  
  91  9:22  Marine  
  91  9:23  Marine  
  93  9:27  Combat Shield  
  93  9:31  Cyclone  
  96  9:32  Concussive Shells  
  96  9:34  Medivac, Supply Depot  
  98  9:39  Terran Infantry Armor Level 2  
  98  9:57  Supply Depot  
  98  10:03  Cyclone  
  98  10:04  Raven  
  103  10:15  Stimpack  
  103  10:20  Supply Depot  
  103  10:31  SCV x2  
  103  10:35  Cyclone  
  108  10:42  Terran Vehicle Weapons Level 1, Supply Depot  
  108  10:43  SCV x2  
  108  10:46  Armory, Terran Infantry Weapons Level 2  
  110  10:55  SCV x2  
  112  10:59  SCV  
  113  11:05  Supply Depot  
  113  11:07  SCV x2  
  113  11:11  SCV  
  116  11:19  SCV x2  
  116  11:21  Viking  
  120  11:31  Starport  
  120  11:40  Missile Turret  
  120  11:42  Missile Turret  
  106  11:51  Viking  
  81  11:55  Marauder  
  81  11:56  Marauder  
  63  12:14  Marine x4  
  67  12:17  Marauder x2  
  67  12:21  Battlecruiser  
  61  12:32  Marine x4  
  57  12:38  Marauder  
  46  12:50  Marine x2  
  46  12:59  Marine  
  46  13:07  Marine  
  46  13:08  Marine  
Show
View Real Time Build Order
Export as new Build Order

ViBE Zerg - Winner!

Build Orders: Hatch First 

Get SALT Encoding   

  12  0:00  Drone  
  13  0:13  Overlord  
  13  0:22  Drone  
  14  0:33  Drone x2  
  16  0:51  Hatchery  
  15  0:58  Drone  
  15  0:59  Drone  
  15  1:03  Drone  
  18  1:19  Drone, Spawning Pool  
  18  1:32  Drone  
  19  1:33  Drone  
  20  1:40  Extractor  
  19  1:57  Drone  
  19  1:59  Overlord  
  20  2:06  Queen  
  20  2:07  Queen  
  24  2:13  Drone x2  
  26  2:26  Drone  
  26  2:27  Drone x3  
  30  2:35  Drone  
  31  2:37  Drone  
  32  2:49  Drone x2  
  34  2:54  Lair  
  34  2:55  Queen  
  34  2:56  Overlord  
  36  3:09  Overlord  
  36  3:15  Drone  
  36  3:16  Drone  
  36  3:17  Drone  
  36  3:18  Drone x2  
  36  3:19  Drone x3  
  44  3:24  Roach Warren  
  43  3:28  Evolution Chamber  
  43  3:29  Drone  
  43  3:33  Extractor  
  42  3:34  Extractor  
  42  3:38  Drone x2  
  43  3:42  Overlord  
  43  3:45  Drone  
  44  3:52  Drone x3  
  44  3:54  Drone  
  44  3:55  Drone x3  
  51  4:06  Glial Reconstitution  
  51  4:10  Zerg Missile Weapons Level 1  
  51  4:12  Hatchery  
  51  4:15  Overlord  
  50  4:20  Roach x2  
  50  4:23  Roach  
  56  4:29  Roach x2  
  60  4:34  Overlord  
  60  4:37  Drone x5  
  65  4:41  Queen  
  67  4:49  Overlord  
  67  4:53  Drone  
  68  5:00  Drone x3  
  68  5:01  Drone x5  
  76  5:09  Overlord  
  76  5:17  Hydralisk Den  
  76  5:18  Evolution Chamber  
  74  5:22  Drone x3  
  77  5:36  Overlord  
  77  5:37  Overlord  
  77  5:38  Extractor  
  76  5:44  Drone x6  
  76  5:48  Grooved Spines  
  82  5:50  Zerg Ground Armor Level 1  
  82  5:57  Drone x4  
  82  6:01  Extractor  
  82  6:04  Extractor  
  84  6:08  Hatchery  
  83  6:12  Overlord x6  
  83  6:32  Hydralisk x8  
  85  6:36  Hydralisk  
  85  6:37  Hydralisk x5  
  111  6:46  Drone  
  112  6:51  Hydralisk x3  
  118  6:54  Hydralisk  
  118  6:59  Muscular Augments  
  120  7:11  Overlord  
  120  7:12  Overlord  
  120  7:13  Drone x5  
  125  7:38  Drone x4  
  125  7:39  Drone x8  
  137  7:46  Drone x3  
  140  7:53  Hatchery  
  140  7:56  Zerg Ground Armor Level 2, Zerg Missile Weapons Level 2  
  139  8:01  Infestation Pit  
  138  8:08  Extractor  
  138  8:09  Extractor  
  136  8:14  Drone  
  136  8:15  Drone x2  
  139  8:29  Hatchery  
  138  8:51  Overlord  
  138  8:52  Overlord x4  
  138  8:53  Hydralisk x3  
  138  8:54  Hydralisk x13  
  170  9:02  Hive  
  170  10:05  Lurker Den  
  167  10:17  Hydralisk x16  
  197  10:24  Hydralisk  
  197  10:27  Overseer x3  
  199  10:29  Zerg Ground Armor Level 3, Zerg Missile Weapons Level 3  
Tags
 
Matchup
TvZ
Player
ViBE
Spawn Locations
Cross Positions
Add a new tag
Caveats
  • Supply blocks, unpowered buildings, or Contaminate may cause inaccurate times.
  • Supply counts are checked every 10 seconds.